 Dungeon Crawl Stone Soup version 0.22-a0-825-ga28c36f (webtiles) character file.

13670 inc the Destroyer (level 12, -4/118 HPs)
             Began as an Ogre Fire Elementalist on July 24, 2018.
             Was a High Priest of Okawaru.
             Slain by a stone giant (26 damage)
             ... on level 10 of the Dungeon.
             The game lasted 00:31:55 (15333 turns).

inc the Destroyer (Ogre Fire Elementalist)         Turns: 15333, Time: 00:31:56

Health: -4/118     AC: 27    Str: 24    XL:     12   Next: 8%
Magic:  18/24      EV:  4    Int: 16    God:    Okawaru [*****.]
Gold:   693        SH: 13    Dex:  9    Spells: 17/28 levels left

rFire    + + +     SeeInvis .   w - +4 whip (vamp)
rCold    . . .     Gourm    .   F - +1 shield
rNeg     . . .     Faith    .   U - +12 gold dragon scales "Roufaesh" {rPois rF+ rC+ Str+5}
rPois    +         Spirit   .   (helmet restricted)
rElec    .         Reflect  .   K - scarf {repulsion}
rCorr    .         Harm     .   (gloves unavailable)
MR       +....                  (boots unavailable)
Stlth    ..........             (no amulet)
HPRegen  0.29/turn              g - ring of protection from fire
MPRegen  0.19/turn              o - ring of fire

@: heroism, finesse, repel missiles
A: large, unfitting armour, antennae 1, talons 1, tough skin 1
a: Heroism, Finesse, Renounce Religion


You were on level 10 of the Dungeon.
You worshipped Okawaru.
Okawaru was extremely pleased with you.
You were very hungry.

You visited 2 branches of the dungeon, and saw 11 of its levels.

You collected 693 gold pieces.

Inventory:

Hand Weapons
 b - a +0 short sword
 j - a +0 giant club
 s - a +0 flail
 v - a +0 short sword
 w - a +4 vampiric whip (weapon)
 S - a +0 giant spiked club
Missiles
 y - 10 large rocks (quivered)
Armour
 a - a +1 robe
 F - a +1 shield (worn)
 H - a +0 cloak
 K - a scarf of repulsion (worn)
 L - a +0 robe of fire resistance
 M - a +0 robe of magic resistance
 Q - quicksilver dragon scales
 U - the +12 gold dragon scales "Roufaesh" (worn) {rPois rF+ rC+ Str+5}
   (Okawaru gifted it to you on level 10 of the Dungeon)

   It affects your strength (+5).
   It protects you from fire.
   It protects you from cold.
   It protects you from poison.
Magical Staves
 J - an uncursed staff of wizardry {unknown}
Jewellery
 g - a ring of protection from fire (left hand)
 o - a ring of fire (right hand)
 O - a +4 ring of evasion
 T - a +3 ring of evasion
Wands
 d - a wand of disintegration (30)
 B - a wand of flame (34)
 G - a wand of scattershot (5)
 R - a wand of acid (3)
Scrolls
 e - 10 scrolls of remove curse
 k - a scroll of blinking {unknown}
 l - 3 scrolls of enchant armour
 q - 3 scrolls of magic mapping {unknown}
 x - a scroll of noise {unknown}
 z - 3 scrolls of random uselessness {unknown}
 A - 3 scrolls of identify
 D - a scroll of fear {unknown}
 I - a scroll of amnesia {unknown}
Potions
 f - 3 potions of haste
 m - 3 potions of degeneration
 n - 4 potions of flight
 r - a potion of resistance
 t - a potion of curing
 u - a potion of brilliance
 E - a potion of lignification
 N - 3 potions of mutation
 P - a potion of berserk rage {unknown}
Comestibles
 c - 19 rations


   Skills:
 - Level 7.1(12.1) Fighting
 - Level 4.9(9.9) Maces & Flails
 - Level 1.7(6.7) Dodging
 - Level 1.4(6.4) Stealth
 + Level 7.2(12.2) Shields
 - Level 8.7 Spellcasting
 - Level 8.7 Conjurations
 - Level 8.4 Fire Magic
 - Level 5.2 Invocations


You had 17 spell levels left.
You knew the following spells:

 Your Spells              Type           Power        Failure   Level  Hunger
a - Flame Tongue          Conj/Fire      #####        28%         1    None
b - Conjure Flame         Conj/Fire      ######..     63%         3    #......
c - Sticky Flame          Conj/Fire      ######..     95%         4    ###....
d - Inner Flame           Hex/Fire       ####....     99%         3    #......

Your spell library contained the following spells:

 Spells                   Type           Power        Failure   Level  Hunger
 Fireball                 Conj/Fire      ######....   100%        5    #####..
 Throw Flame              Conj/Fire      ######       38%         2    None
 Stone Arrow              Conj/Erth      ###...       99%         3    #......
 Passwall                 Tmut/Erth      #.......     100%        2    None
 Lee's Rapid Deconstruct  Erth           #.........   100%        5    #####..
 Sandblast                Erth           #.....       100%        1    None
 Petrify                  Tmut/Erth      #.......     100%        4    ###....


Dungeon Overview and Level Annotations

Branches:
Dungeon (10/15)            Temple (1/1) D:7            Lair (0/6) D:10
    Orc (0/2) D:9

Altars:
Ashenzari
Cheibriados
Dithmenos
Elyvilon
Fedhas
Gozag
Hepliaklqana
Kikubaaqudgha
Makhleb
Nemelex Xobeh
Okawaru
Qazlal
Ru
Sif Muna
Trog
Uskayaw
Vehumet
Wu Jian
Xom
Yredelemnul
Zin
The Shining One

Shops:
D:5 *


Innate Abilities, Weirdness & Mutations

You are too large for most types of armour.
You have tough skin. (AC +1)
You have a pair of small antennae on your head.
You have sharp toenails.


Message History

You hit the stone giant.
The stone giant is heavily wounded.
The stone giant hits you but does no damage.
You hit the stone giant but do no damage.
The stone giant is heavily wounded.
You hit the stone giant.
The stone giant is heavily wounded.
You hit the stone giant.
You feel better.
The stone giant is heavily wounded.
Your gold dragon scales "Roufaesh" prevents you from hitting the stone giant.
The stone giant is heavily wounded.
The stone giant hits you!!
* * * LOW HITPOINT WARNING * * *
Unknown command.
Okay, then.
Okay, then.
It was a potion of mutation.
You feel extremely strange. A pair of antennae grows on your head!
Your toenails lengthen and sharpen.
The stone giant hits you!!
You die...

## #..#######.### #. ##
##.........# #### .##
############### #... ..#
#...#...# #.## #÷# #...'...# ##.#
#># #...#...# ##..# #.# #...##..#
#..## #.# #########..# ..# ######
#.# #......##.@###.# #.... #.#
#......##.C#.##. #....
#.#####......###.(..##. #....
#...÷..........#.#...### #.C..
#######......######'#########....
#......# #.........##....
#......# ###.....C.'.....
######## ####....#.....
###########


You could see a stone giant.

Vanquished Creatures
  A sphinx (D:10)
  4 two-headed ogres
  Urug (D:10)
  A manticore (D:10)
  A centaur zombie (D:10)
  A hornet (D:8)
  4 trolls
  A hippogriff (D:8)
  12 yaks
  A human (D:10)
  A vampire mosquito (D:10)
  A soldier ant (D:10)
  Duvessa (D:7)
  2 hell hounds (D:10)
  5 orc warriors
  An eye of draining (D:10)
  2 black bears
  A sky beast (D:10)
  An ice beast (D:10)
  8 ogres
  5 centaurs
  5 big kobolds
  2 gnoll sergeants (D:9)
  7 bullfrogs
  2 scorpions
  Dowan (D:7)
  A water moccasin skeleton (D:7)
  3 wights (D:9)
  A howler monkey (D:8)
  3 crimson imps
  2 jellies
  2 quasits
  2 hounds
  3 bullfrog skeletons
  A bullfrog zombie (D:9)
  6 orc priests
  Crazy Yiuf (D:7)
  4 iguanas
  10 orc wizards
  4 worker ants
  A hound skeleton (D:10)
  A howler monkey zombie (D:8)
  A worker ant zombie (D:7)
  5 gnolls
  9 adders
  A shadow imp (D:7)
  An ooze (D:2)
  2 adder skeletons
  4 worms
  A dart slug (D:1)
  8 leopard geckos
  61 orcs
  9 bats
  6 giant cockroaches
  13 hobgoblins
  6 jackals
  12 kobolds
  4 quokkas
  3 ball pythons
  9 frilled lizards
  4 goblins
  A jackal skeleton (D:4)
  A leopard gecko zombie (D:6)
  A quokka zombie (D:9)
  5 rats
284 creatures vanquished.

Notes
Turn   | Place    | Note
-------+----------+-------------------------------------------
     0 | D:1      | inc the Ogre Fire Elementalist began the quest for the Orb.
     0 | D:1      | Reached XP level 1. HP: 16/16 MP: 3/3
    34 | D:1      | Reached skill level 1 in Conjurations
   230 | D:1      | Reached XP level 2. HP: 15/24 MP: 0/5
   482 | D:1      | Reached XP level 3. HP: 29/31 MP: 1/6
   934 | D:2      | Found a glowing golden altar of the Shining One.
  1064 | D:2      | Reached XP level 4. HP: 32/39 MP: 0/7
  1460 | D:2      | Found a stormy altar of Qazlal.
  1989 | D:3      | Reached XP level 5. HP: 14/45 MP: 0/8
  2404 | D:3      | Learned a level 3 spell: Conjure Flame
  2409 | D:3      | Learned a level 4 spell: Sticky Flame
  2479 | D:3      | Found a bloodstained altar of Trog.
  3123 | D:4      | Noticed an ogre
  4081 | D:4      | Found a hazy altar of Hepliaklqana.
  4090 | D:4      | Reached XP level 6. HP: 53/53 MP: 7/9
  4867 | D:5      | Entered Level 5 of the Dungeon
  4873 | D:5      | Reached skill level 5 in Conjurations
  4873 | D:5      | Reached XP level 7. HP: 42/59 MP: 0/10
  5077 | D:5      | Found Tennuibb's Assorted Antiques.
  5309 | D:5      | Reached skill level 5 in Fire Magic
  6060 | D:5      | Reached XP level 8. HP: 38/67 MP: 3/14
  7110 | D:6      | Reached skill level 5 in Spellcasting
  7623 | D:7      | Reached skill level 1 in Maces & Flails
  7659 | D:7      | Noticed Dowan
  7665 | D:7      | Killed Dowan
  7667 | D:7      | Noticed Duvessa
  7719 | D:7      | Killed Duvessa
  7930 | D:7      | Found an ancient bone altar of Kikubaaqudgha.
  7931 | D:7      | Found a blossoming altar of Fedhas.
  7944 | D:7      | Found a staircase to the Ecumenical Temple.
  7950 | D:7      | Noticed a troll
  7961 | D:7      | Killed a troll
  7961 | D:7      | Reached XP level 9. HP: 53/87 MP: 4/16
  8007 | D:7      | Reached skill level 5 in Fighting
  8190 | Temple   | Entered the Ecumenical Temple
  8314 | Temple   | Became a worshipper of Warmaster Okawaru
  8666 | D:7      | Noticed a dagger
  8666 | D:7      | Noticed a hand axe
  8719 | D:7      | Reached skill level 1 in Shields
  8779 | D:7      | Found a runed door.
  8830 | D:7      | Found a shattered altar of Ashenzari.
  8831 | D:7      | Found a hide-covered altar of Uskayaw.
  9252 | D:7      | Noticed Crazy Yiuf
  9257 | D:7      | Killed Crazy Yiuf
  9487 | D:8      | Noticed a two-headed ogre
  9521 | D:8      | Noticed a troll
  9536 | D:8      | Killed a troll
  9536 | D:8      | Reached * piety under Okawaru
  9972 | D:8      | Reached skill level 5 in Shields
 10591 | D:8      | Noticed a two-headed ogre
 10600 | D:8      | Killed a two-headed ogre
 10600 | D:8      | Reached ** piety under Okawaru
 10600 | D:8      | Reached XP level 10. HP: 32/98 MP: 5/17
 10893 | D:8      | Found a stormy altar of Qazlal.
 11919 | D:9      | Found a staircase to the Orcish Mines.
 11949 | D:8      | Learned a level 3 spell: Inner Flame
 12636 | D:9      | Reached *** piety under Okawaru
 12945 | D:10     | Entered Level 10 of the Dungeon
 12957 | D:10     | Noticed a manticore
 12968 | D:10     | Killed a manticore
 13084 | D:10     | Found a staircase to the Lair.
 13107 | D:10     | Reached XP level 11. HP: 75/105 MP: 5/21
 13303 | D:10     | Noticed a two-headed ogre
 13329 | D:10     | Killed a two-headed ogre
 13416 | D:10     | Reached **** piety under Okawaru
 13445 | D:10     | Reached skill level 1 in Invocations
 13686 | D:10     | Noticed Urug
 13688 | D:10     | Noticed a two-headed ogre
 13710 | D:10     | Killed Urug
 13759 | D:10     | Killed a two-headed ogre
 13759 | D:10     | Reached ***** piety under Okawaru
 14204 | D:10     | Noticed a sphinx
 14206 | D:10     | Noticed a stone giant
 14219 | D:10     | Noticed a two-headed ogre
 14220 | D:10     | Killed a sphinx
 14220 | D:10     | Received a gift from Okawaru
 14220 | D:10     | Reached XP level 12. HP: 77/115 MP: 11/24
 14231 | D:10     | Noticed a fire giant
 14525 | D:10     | Killed a two-headed ogre
 14525 | D:10     | Reached skill level 5 in Invocations
 14599 | D:10     | Got spiked gold dragon scales {god gift}
 14863 | D:9      | Identified the +12 gold dragon scales "Roufaesh" {rPois rF+ rC+ Str+5} (Okawaru gifted it to you on level 10 of the Dungeon)
 15333 | D:10     | Gained mutation: You have a pair of small antennae on your head. [potion of mutation]
 15333 | D:10     | Gained mutation: You have sharp toenails. [potion of mutation]
 15333 | D:10     | Slain by a stone giant

Vault maps used:
D:1:      enne_arrival_octagon_isle, minmay_cut_off
D:2:      overflow_temple_1_default, grunt_qazlal_clouds
D:3:      lemuel_round_altar, chequers_big_river
D:4:      old_standard_altar, minmay_small_thing
D:5:      first_ration, serial_shops, shop
D:7:      grunt_temple_overflow_growth_and_decay, dancing_weapons_uskayaw,
          overflow_temple_1_default, minmay_temple_entry_mist, uniq_duvessa,
          uniq_crazy_yiuf_cottage
D:8:      minmay_curly_fans, basic_altar, minmay_misc_feat_square
D:9:      kennysheep_orc_monster_closet_entryway
D:10:     minmay_sliced_demisemicircle, minmay_lair_entry_lava, grunt_pizzeria,
          uniq_urug
Temple:   jpeg_temple_clearing

Skill      XL: |  1  2  3  4  5  6  7  8  9 10 11 12 |
---------------+-------------------------------------+-----
Conjurations   | 2 3 4 5 6 7 8 |  8.7
Fire Magic     | 3 4 5 6 7 8 |  8.4
Spellcasting   | 4 5 7 8 |  8.7
Fighting       | 4 5 6 7 |  7.1
Maces & Flails | 3 4 |  4.9
Shields        | 7 |  7.2
Invocations    | 4 5 |  5.2
Dodging        | |  1.7
Stealth        | |  1.4

Action                   |  1- 3 |  4- 6 |  7- 9 | 10-12 || total
-------------------------+-------+-------+-------+-------++-------
Melee: Short sword       |    30 |    47 |       |       ||    77
       Unarmed           |     3 |       |       |       ||     3
       Flail             |       |    33 |       |       ||    33
       Whip              |       |    14 |   132 |   424 ||   570
 Cast: Flame Tongue      |    49 |   147 |   232 |   137 ||   565
       Conjure Flame     |       |     1 |     5 |     4 ||    10
       Sticky Flame      |       |     1 |    22 |    35 ||    58
       Inner Flame       |       |       |       |     1 ||     1
Invok: Heroism           |       |       |       |    10 ||    10
       Finesse           |       |       |       |     2 ||     2
  Use: Potion            |       |     3 |     2 |     4 ||     9
       Scroll            |       |     1 |    12 |     4 ||    17
  Eat: Chunk             |     1 |    11 |    24 |    16 ||    52
       Ration            |       |     2 |       |     1 ||     3
Armor: Robe              |    12 |    56 |    60 |     4 ||   132
       Skin              |       |    11 |       |       ||    11
       Quicksilver drago |       |       |       |    83 ||    83
       Gold dragon scale |       |       |       |    10 ||    10
Dodge: Dodged            |    29 |   125 |   125 |   144 ||   423
       Deflected         |       |       |       |     8 ||     8
Block: Shield            |       |       |    26 |   179 ||   205

Table legend:
 A = Spawn XP
 B = Non-spawn XP
 C = Spawn XP percentage of total XP
 D = Spawn monster count
 E = Non-spawn monster count
 F = Spawn count percentage of total count
 G = Total turns spent on level
                    A         B        C        D         E        F      G
               +---------+---------+-------+---------+---------+-------+---------
         Total |       0 |   19529 |   0.0 |       0 |     284 |   0.0 | 15333
               +---------+---------+-------+---------+---------+-------+---------
           D:1 |       0 |      49 |   0.0 |       0 |      20 |   0.0 |   863
           D:2 |       0 |      88 |   0.0 |       0 |      28 |   0.0 |   996
           D:3 |       0 |      78 |   0.0 |       0 |      26 |   0.0 |  1182
           D:4 |       0 |     307 |   0.0 |       0 |      29 |   0.0 |  1875
           D:5 |       0 |     741 |   0.0 |       0 |      32 |   0.0 |  1647
           D:6 |       0 |     571 |   0.0 |       0 |      24 |   0.0 |   826
           D:7 |       0 |    1556 |   0.0 |       0 |      27 |   0.0 |  1928
           D:8 |       0 |    2422 |   0.0 |       0 |      16 |   0.0 |  1993
           D:9 |       0 |    2551 |   0.0 |       0 |      41 |   0.0 |  2109
          D:10 |       0 |   11166 |   0.0 |       0 |      41 |   0.0 |  1761
               +---------+---------+-------+---------+---------+-------+---------
